 Dungeon Crawl Stone Soup version 0.29-a0-23-ga79f92ac9c (webtiles) character file.

Game seed: 9754963749818505246

68 HallandMoats the Ruffian (level 3, 0/29 HPs)
             Began as a Demigod Transmuter on Jan 31, 2022.
             Slain by Ijyb (2 damage)
             ... on level 3 of the Dungeon.
             The game lasted 00:03:03 (2892 turns).

HallandMoats the Ruffian (Demigod Transmuter)       Turns: 2892, Time: 00:03:03

Health: 0/29       AC:  3    Str: 15    XL:     3   Next: 73%
Magic:  7/8        EV: 12    Int: 15    God:
Gold:   82         SH:  0    Dex: 20    Spells: 3/6 levels left

rFire   . . .      SeeInvis .     - Unarmed
rCold   . . .      Faith    .   (no shield)
rNeg    . . .      Spirit   .   a - +0 robe
rPois   .          Reflect  .   i - +0 helmet
rElec   .          Harm     .   (no cloak)
rCorr   .          Rampage  .   (no gloves)
Will    .....                   (no boots)
Stlth   ++........              (no amulet)
HPRegen 0.09/turn               h - +6 ring of dexterity
MPRegen 0.11/turn               (no ring)

@: wereblooded
A: high MP 1, forlorn, divine attributes
a: no special abilities


You were on level 3 of the Dungeon.
You visited 1 branch of the dungeon, and saw 3 of its levels.

You collected 82 gold pieces.

Inventory:

Armour
 a - a +0 robe (worn)
 i - a +0 helmet (worn)
Jewellery
 h - a +6 ring of dexterity (left hand)
Scrolls
 c - a scroll of blinking {unknown}
 e - a scroll of identify {unknown}
 g - a scroll of noise {unknown}
 j - a scroll of magic mapping {unknown}
Potions
 b - a potion of flight {unknown}
 d - a potion of heal wounds {unknown}
 f - a potion of brilliance {unknown}


   Skills:
 * Level 1.8 Fighting
 + Level 0.8 Armour
 + Level 2.0 Dodging
 * Level 3.2 Unarmed Combat
 + Level 2.1 Spellcasting
 + Level 2.1 Transmutations


You had 3 spell levels left.
You knew the following spells:

 Your Spells              Type           Power      Damage    Failure   Level
a - Beastly Appendage     Tmut           16%        N/A       9%          1
b - Wereblood             Tmut           8%         N/A       14%         2

Your spell library contained the following spells:

 Spells                   Type           Power      Damage    Failure   Level
 Spider Form              Tmut/Pois      4%         N/A       38%         3
 Ice Form                 Ice/Tmut       4%         N/A       80%         4


Dungeon Overview and Level Annotations

Branches:
Dungeon (3/15)

Annotations:
D:3 Ijyb


Innate Abilities, Weirdness & Mutations

You have an increased reservoir of magic. (+10% MP)
You shall have no god before yourself.
Your divine heritage dramatically boosts your attributes as you level up.


Message History

You kill the bat!
No target in view!
No target in view!
No target in view!
No target in view!
No target in view!
No target in view!
No target in view!
Ijyb the Twisted Goblin comes into view.
She is wielding a +0 dagger and carrying a wand of flame (27).
Ijyb shouts!
Ijyb is nearby!
Ijyb is nearby!
Ijyb is nearby!
Casting: Wereblood (safe; 14% risk of failure)
Confirm with . or Enter, or press ? or * to list all spells.
Your blood is infused with primal strength.
Ijyb zaps a wand.
The puff of flame hits you!
Ijyb zaps a wand.
The puff of flame hits you!
You hit Ijyb but do no damage. Ijyb hits you with a +0 dagger.
You barely miss Ijyb. You hit Ijyb but do no damage.
Ijyb hits you with a +0 dagger.
You hit Ijyb.
Ijyb is lightly wounded.
Ijyb hits you with a +0 dagger.
* * * LOW HITPOINT WARNING * * *
You hit Ijyb but do no damage.
Ijyb is lightly wounded.
Ijyb hits you with a +0 dagger.
* * * LOW HITPOINT WARNING * * *
You hit Ijyb but do no damage.
Ijyb is lightly wounded.
Ijyb closely misses you.
You hit Ijyb.
Ijyb is moderately wounded.
Ijyb hits you with a +0 dagger.
* * * LOW HITPOINT WARNING * * *
You hit Ijyb.
Ijyb is moderately wounded.
Ijyb hits you with a +0 dagger.
You die...

########
.......####.####
#..@g......
##.####.####
##...##
.#######..#..#
......†..###.# #
.#######..#..##.#
##.......#
########...####
...........#


You could see Ijyb.

Vanquished Creatures
  A hound skeleton (D:2)
  An adder (D:3)
  3 ball pythons
  5 bats
  3 endoplasms
  2 giant cockroaches
  3 goblins
  5 hobgoblins
  10 jackals
  A quokka (D:3)
  A frilled lizard (D:1)
  2 kobolds
  3 rats
40 creatures vanquished.

Notes
Turn   | Place    | Note
-------+----------+-------------------------------------------
     0 | D:1      | HallandMoats the Demigod Transmuter began the quest for the
                  | Orb.
     0 | D:1      | Reached XP level 1. HP: 15/15 MP: 5/5
   211 | D:1      | Reached skill level 1 in Fighting
   670 | D:1      | Reached XP level 2. HP: 22/23 MP: 7/7
   708 | D:1      | Learned a level 2 spell: Wereblood
  1036 | D:1      | Reached skill level 3 in Unarmed Combat
  1603 | D:2      | Reached XP level 3. HP: 8/28 MP: 5/8
  2881 | D:3      | Noticed Ijyb
  2892 | D:3      | Slain by Ijyb

Illustrated notes

Levels and vault maps discovered:
D:1:      dpeg_arrival_circle_labyrinth_c, layout_loops_ring,
          ebering_ecumenical_altar_sacrificial
D:2:      layout_loops_ring
D:3:      layout_loops_ring, uniq_natasha, uniq_grinder, uniq_ijyb

Skill      XL: |  1  2  3 |
---------------+----------+-----
Fighting       | 1 |  1.8
Unarmed Combat | 3 |  3.2
Dodging        | 2 |  2.0
Spellcasting   | 2 |  2.1
Transmutations | 2 |  2.1
Armour         | |  0.8

Action                   || total
-------------------------++-------
Melee: Unarmed           ||   178
       Kick              ||     6
       Punch             ||     6
       Headbutt          ||     2
 Cast: Beastly Appendage ||     2
       Wereblood         ||     2
 Stab: Sleeping          ||     4
Armor: Robe              ||    45
Dodge: Dodged            ||   141

Table legend: (Time is in decaauts)
 A = Elapsed time spent in this place.
 B = Non-inter-level travel time spent in this place.
 C = Inter-level travel time spent in this place.
 D = Time resting spent in this place.
 E = Time spent auto-exploring this place.
 F = Levels seen in this place.
 G = Mean time per level.
                   A        B        C        D        E       F      G
               +--------+--------+--------+--------+--------+-----+--------+
         Total |   2882 |   2771 |    111 |    624 |   1783 |   3 |  960.7 |
       Dungeon |   2882 |   2771 |    111 |    624 |   1783 |   3 |  960.7 |
               +--------+--------+--------+--------+--------+-----+--------+

Top non-repeatable levels by time:
     D:1: 1582 daAuts
     D:2: 981 daAuts
     D:3: 318 daAuts
